 Dungeon Crawl Stone Soup version 0.30-a0-462-gd5975efbca (webtiles) character file.

Game seed: 8395338701360910221

429 ytrimaz the Magician (level 7, 0/45 HPs)
             Began as a Djinni Fire Elementalist on Dec 16, 2022.
             Slain by Sigmund
             ... wielding a +0 scythe
              (4 damage)
             ... on level 4 of the Dungeon.
             The game lasted 00:03:20 (3140 turns).

ytrimaz the Magician (Djinni Fire Elementalist)     Turns: 3140, Time: 00:03:21

Health: 0/45       AC:  3    Str:  7    XL:     7   Next: 19%
Gold:   161        EV: 12    Int: 19    God:
                   SH:  0    Dex: 13

rFire   + + +      SeeInvis .    (no weapon)
rCold   x . .      Faith    .    (no shield)
rNeg    . . .      Spirit   .    a - +0 robe
rPois   ∞          Reflect  .    (no helmet)
rElec   .          Harm     .    (no cloak)
rCorr   .          Rampage  .    g - +0 pair of gloves
Will    .....                    (boots unavailable)
Stlth   ++........               (no amulet)
HPRegen 0.27/turn                k - ring of protection from fire
MPRegen 0.00/turn                (no ring)

@: flying, very slightly contaminated
A: sickness immunity, fire resistance 2, cold vulnerability 1, float, innate
caster, HP casting, extra vitality 1
a: no special abilities


You were on level 4 of the Dungeon.
You visited 1 branch of the dungeon, and saw 4 of its levels.

You collected 161 gold pieces.


Innate Abilities, Weirdness & Mutations

You are immune to sickness and miasma.
You are immune to poison.
Your flesh is very heat resistant. (rF++)
You are vulnerable to cold. (rC-)
You float through the air rather than walking.
You learn spells naturally, not from books.
Your magical power is your life essence.
You have superior vitality. (+4 MHP)


   Skills:
 - Level 2.1 Dodging
 - Level 1.5 Stealth
 + Level 5.9 Spellcasting


You couldn't memorise any spells.
You knew the following spells:

 Your Spells              Type           Power      Damage    Failure   Level
a - Foxfire               Conj/Fire      100%       2x1d9     1%          1
b - Scorch                Fire           56%        2d8       1%          2
c - Kindle Blastsparks    Fire/Tloc/Air  56%        2d14      3%          3
d - Flame Wave            Conj/Fire      28%        2d9       10%         4
e - Inner Flame           Hex/Fire       28%        N/A       3%          3
f - Kiss of Death         Conj/Necr      100%       2d13      1%          1
g - Momentum Strike       Conj/Tloc      56%        3d9       1%          2
h - Call Canine Familiar  Summ           28%        N/A       3%          3
Your spell library was empty.

Inventory:

Armour
 a - a +0 robe (worn)
 g - a +0 pair of gloves (worn)
   (You found it on level 3 of the Dungeon)
Jewellery
 k - a ring of protection from fire (left hand)
   (You found it on level 2 of the Dungeon)
Wands
 f - a wand of acid (6)
   (You found it on level 2 of the Dungeon)
Scrolls
 b - a scroll of blinking
 c - a scroll of teleportation
 e - a scroll of poison
Potions
 d - a potion of brilliance {unknown}
 h - a potion of invisibility {unknown}
 j - a potion of curing

Dungeon Overview and Level Annotations

Branches:
Dungeon (4/15) Zot: 20860
 Temple: D:4-7

Altars:
Fedhas
Ru

Shops:
D:1 (

Annotations:
D:4 Sigmund

# ####### ### ##
#.....###..###
.####......# ....#
.##........###...##
.........##.#.....# #
.........#.... ... .##
............# #†# ...#
.........#######@#....#
.......### #.....†....#
#...)...#####.{......##
#..).^..##.##w.......#
#..<.).......§..[.....#
............§.).....###
#...............)..##
..............##...#
...............#.))..


You could see a worm.


Message History

MASSIVE DAMAGE!! (PAUSE)
The scorpion barely misses you. The scorpion closely misses you.
You hit the scorpion but do no damage. The water moccasin closely misses you.
The scorpion closely misses you.
Unknown command.
Casting: Kindle Blastsparks (dangerous; 3% risk of failure)
Confirm with . or Enter, or press ? or * to list all spells.
The spell is quite dangerous to miscast (12% risk of failure)!
Continue anyway?
Okay, then.
Casting: Flame Wave (quite dangerous; 12% risk of failure)
Confirm with . or Enter, or press ? or * to list all spells.
The spell is quite dangerous to miscast (12% risk of failure)!
Continue anyway?
Okay, then.
Casting: Flame Wave (quite dangerous; 12% risk of failure)
Confirm with . or Enter, or press ? or * to list all spells.
Okay, then.
Casting: Flame Wave (quite dangerous; 12% risk of failure)
Confirm with . or Enter, or press ? or * to list all spells.
The spell is quite dangerous to miscast (12% risk of failure)!
Continue anyway?
Casting: Flame Wave (quite dangerous; 12% risk of failure)
Press: ? - help, Dir - look around, f - activate You miscast Flame Wave.
You are very lightly contaminated with residual magic.
Nothing appears to happen.
* * * LOW HITPOINT WARNING * * *
The water moccasin bites you.
* * * LOW HITPOINT WARNING * * *
The scorpion stings you.
* * * LOW HITPOINT WARNING * * *
The water moccasin barely misses you. 😱 HP[-12]
You take 12 damage, and now have 6/40 hp.
MASSIVE DAMAGE!! (PAUSE)
Casting: Flame Wave (quite dangerous; 12% risk of failure)
Confirm with . or Enter, or press ? or * to list all spells.
The spell is quite dangerous to miscast (12% risk of failure)!
Continue anyway?
Okay, then.
Unknown command.
Unknown command.
It was a potion of curing.
You feel better. The scorpion stings you.
* * * LOW HITPOINT WARNING * * *
The water moccasin bites you.
* * * LOW HITPOINT WARNING * * *
😱 HP[-4]
You take 4 damage, and now have 2/40 hp.
Unknown command.
You feel better.
The water moccasin bites you but does no damage.
The scorpion barely misses you. The water moccasin bites you.
* * * LOW HITPOINT WARNING * * *
😱 HP[+2]
You regained 2 hp, and now have 4/40 hp.
Casting: Flame Wave (quite dangerous; 12% risk of failure)
Confirm with . or Enter, or press ? or * to list all spells.
You don't have enough health to cast this spell.
Unknown command.
You feel better. The scorpion misses you. The water moccasin bites you.
* * * LOW HITPOINT WARNING * * *
The scorpion completely misses you. 😨 HP[+10]
You regained 10 hp, and now have 14/40 hp.
Casting: Flame Wave (quite dangerous; 12% risk of failure)
Confirm with . or Enter, or press ? or * to list all spells.
The spell is quite dangerous to miscast (12% risk of failure)!
Continue anyway?
Casting: Flame Wave (quite dangerous; 12% risk of failure)
Press: ? - help, Dir - look around, f - activate A wave of flame ripples out!
The flame wave engulfs the scorpion!
The flame wave engulfs the water moccasin! (Press . to intensify the flame waves.)
* * * LOW HITPOINT WARNING * * *
The cloud of blastsparks explodes!
The concussive blast engulfs something!
The concussive blast engulfs the water moccasin.
The concussive blast engulfs you. You resist.
* * * LOW HITPOINT WARNING * * *
The water moccasin is knocked back by the blast.
The water moccasin closely misses you. The scorpion stings you.
* * * LOW HITPOINT WARNING * * *
Unknown command. 😱 HP[-9]
You take 9 damage, and now have 5/40 hp.
MASSIVE DAMAGE!! (PAUSE)
Casting: Flame Wave (quite dangerous; 12% risk of failure)
Confirm with . or Enter, or press ? or * to list all spells.
Okay, then.
Unknown command.
A wave of flame ripples out!
The flame wave engulfs the scorpion.
The flame wave engulfs the water moccasin!
You kill the water moccasin!
The flame wave engulfs something.
* * * LOW HITPOINT WARNING * * *
The scorpion barely misses you.
You have reached level 7!
The power to cast Call Canine Familiar wells up from within.
Spell assigned to 'h'.
You now have 45 max hp (+5).
A wave of flame ripples out!
The flame wave engulfs the scorpion!
You kill the scorpion!
The flame wave engulfs something!
The flame wave engulfs the worm.
* * * LOW HITPOINT WARNING * * *
You finish channelling waves of flame.
Something hits you.
You die...

Skill      XL: |  1  2  3  4  5  6 |
---------------+-------------------+-----
Spellcasting   | 3 4 5 |  5.9
Dodging        | |  2.1
Stealth        | |  1.5

Action                   |  1- 3 |  4- 6 |  7- 9 || total
-------------------------+-------+-------+-------++-------
Melee: Unarmed           |     2 |     2 |       ||     4
 Cast: Foxfire           |    97 |    89 |       ||   186
       Scorch            |     3 |     3 |       ||     6
       Kindle Blastspark |       |     3 |       ||     3
       Flame Wave        |       |     1 |       ||     1
  Use: Scroll            |     6 |     1 |       ||     7
       Potion            |     2 |     3 |       ||     5
Armor: Robe              |     5 |     6 |       ||    11
Dodge: Dodged            |    10 |    16 |       ||    26

Levels and vault maps discovered:
D:1:      minmay_arrival_diagonal_passages, layout_basic, serial_shops,
          nicolae_shop_bloodbath_and_beyond
D:2:      layout_basic, basic_altar, ebering_ecumenical_altar_rust,
          minmay_misc_feat_encased
D:3:      layout_basic, lemuel_round_altar, hangedman_decor_clover_reticule
D:4:      layout_cave_pools, old_standard_altar, uniq_sigmund, uniq_natasha,
          uniq_duvessa

Notes
Turn   | Place    | Note
-------+----------+-------------------------------------------
     0 | D:1      | ytrimaz the Djinni Fire Elementalist began the quest for
                  | the Orb.
     0 | D:1      | ytrimaz set off with the following spells memorised:
                  | Foxfire, Scorch, Kindle Blastsparks, Inner Flame, Flame
                  | Wave.
     0 | D:1      | Reached XP level 1. HP: 15/15 MP: 0/0
     0 | D:1      | magus.rc [v1.9.6]
   172 | D:1      | Reached XP level 2. HP: 20/21 MP: 0/0
   252 | D:1      | Reached skill level 3 in Spellcasting
   606 | D:1      | Reached XP level 3. HP: 23/25 MP: 0/0
   606 | D:1      | Learned a level 1 spell: Kiss of Death
   749 | D:1      | Found Osior Omeru's Weapon Boutique.
   819 | D:2      | Found a faded altar of an unknown god.
  1139 | D:2      | Found a sacrificial altar of Ru.
  1917 | D:3      | HP: 4/25 [orc wizard/+0 dagger (3)]
  1918 | D:3      | HP: 1/25 [orc wizard/magic dart (4)]
  1921 | D:3      | Reached XP level 4. HP: 21/31 MP: 0/0
  1922 | D:3      | Reached skill level 4 in Spellcasting
  1972 | D:3      | Found a blossoming altar of Fedhas.
  2162 | D:3      | Reached XP level 5. HP: 31/35 MP: 0/0
  2162 | D:3      | Learned a level 2 spell: Momentum Strike
  2874 | D:4      | Reached XP level 6. HP: 37/40 MP: 0/0
  2878 | D:4      | Noticed Natasha
  2881 | D:4      | Killed Natasha
  2882 | D:4      | Reached skill level 5 in Spellcasting
  2943 | D:4      | Noticed Natasha
  2946 | D:4      | Killed Natasha
  2947 | D:4      | Noticed Natasha
  2950 | D:4      | Killed Natasha
  3123 | D:4      | Noticed a water moccasin
  3124 | D:4      | Noticed Sigmund
  3134 | D:4      | HP: 10/40 [water moccasin (5)]
  3135 | D:4      | HP: 2/40 [water moccasin (3)]
  3139 | D:4      | Killed a water moccasin
  3140 | D:4      | Reached XP level 7. HP: 5/45 MP: 0/0
  3140 | D:4      | Learned a level 3 spell: Call Canine Familiar
  3140 | D:4      | Slain by Sigmund

Vanquished Creatures
  A water moccasin (D:4)
  A scorpion (D:4)
  A hound (D:4)
  An orc priest (D:4)
  Natasha (thrice) (D:4)
  3 orc wizards
  5 adders
  An ufetubus (D:4)
  6 orcs
  6 ball pythons
  4 endoplasms
  5 giant cockroaches
  5 goblins
  5 hobgoblins
  6 bats
  3 frilled lizards
  8 kobolds
  A rat (D:1)
65 creatures vanquished.

Vanquished Creatures (others)
  311 foxfires
311 creatures vanquished.

Grand Total: 376 creatures vanquished

Table legend:
 A = Non-vault XP
 B = Vault XP
 C = Vault XP percentage of total XP
 D = Non-vault monster count
 E = Vault monster count
 F = Vault count percentage of total count
                 A         B        C        D         E       F
            +---------+---------+-------+---------+---------+-------
      Total |     659 |      35 |   5.0 |      64 |       1 |   1.5
            +---------+---------+-------+---------+---------+-------
        D:1 |      33 |       0 |   0.0 |      20 |       0 |   0.0
        D:2 |      26 |       0 |   0.0 |       9 |       0 |   0.0
        D:3 |     125 |       0 |   0.0 |      13 |       0 |   0.0
        D:4 |     475 |      35 |   6.9 |      22 |       1 |   4.3
            +---------+---------+-------+---------+---------+-------

Illustrated notes

Table legend:
 A = Kills in this place as a percentage of kills in entire the game.
 B = Kills by you in this place as a percentage of kills by you in the entire game.
 C = Kills by friends in this place as a percentage of kills by friends in the entire game.
 D = Other kills in this place as a percentage of other kills in the entire game.
 E = Experience gained in this place as a percentage of experience gained in the entire game.
 F = Experience gained in this place divided by the number of levels of this place that you have seen.
                   A       B       C       D       E      F
               +-------+-------+-------+-------+-------+----------------------
         Total | 100.0 | 100.0 |   N/A |   N/A | 100.0 | 173.5
       Dungeon | 100.0 | 100.0 |   N/A |   N/A | 100.0 | 173.5
               +-------+-------+-------+-------+-------+----------------------

Table legend: (Time is in decaauts)
 A = Elapsed time spent in this place.
 B = Non-inter-level travel time spent in this place.
 C = Inter-level travel time spent in this place.
 D = Time resting spent in this place.
 E = Time spent auto-exploring this place.
 F = Levels seen in this place.
 G = Mean time per level.
                   A        B        C        D        E       F      G
               +--------+--------+--------+--------+--------+-----+--------+
         Total |   3138 |   3047 |     91 |      0 |   2671 |   4 |  784.5 |
       Dungeon |   3138 |   3047 |     91 |      0 |   2671 |   4 |  784.5 |
               +--------+--------+--------+--------+--------+-----+--------+

Top non-repeatable levels by time:
     D:2: 1036 daAuts
     D:3: 880 daAuts
     D:1: 819 daAuts
     D:4: 402 daAuts
